AoeStats
← DARTH SLATER153

MegaRandom

504631334Analyzed
1v1 RM · 26d ago on Sep 6, 2026· 23m 34s· 2 players
Game mode
Random Map
Map size
Tiny (2 player)
Population
200
Speed
Normal
Resources
Standard
Victory
Conquest
Starting age
Dark Age
Ending age
Imperial Age
RankedLock teamsTeams togetherTeam positionsShared explorationLock speedFull tech treeHidden civsTurbo modeCheats
Victory
Defeat
🇨🇴 Tupi · Colombia
725
+15
🇺🇸 Japanese · United States
705
-15
DARTH SLATER153
0:31 Loom
11:49 Feudal Age
12:20 Double-Bit Axe
13:48 Man-at-Arms
14:35 Gold Mining
16:07 Fishing Lines
16:59 Arson
17:20 Scale Mail Armor
17:42 Forging
20:47 Horse Collar
25:30 Castle Age
23:50 Padded Archer Armor
23:40 Fletching
JoseeeeRobleees
8:31 Loom
12:17 Feudal Age
17:02 Castle Age
16:22 Double-Bit Axe
22:46 Padded Archer Armor
23:47 Fletching
Connection lost

Rejoining the realm…

Still unreachable

The connection could not be restored.

Session expired

The server has moved on; the page needs a fresh start.